 Dungeon Crawl Stone Soup version 0.20-a0-927-g1ae2c61 (webtiles) character file.

73 LostNumber the Stinger (level 4, -3/36 HPs)
             Began as a Naga Venom Mage on Mar 28, 2017.
             Slain by Sigmund
             ... wielding a cursed -1 scythe
              (12 damage)
             ... on level 4 of the Dungeon on Mar 16, 2018.
             The game lasted 00:06:40 (1437 turns).

LostNumber the Stinger (Naga Venom Mage)            Turns: 1437, Time: 00:06:41

Health: -3/36      AC:  4    Str: 11    XL:     4   Next: 27%
Magic:  7/7        EV: 10    Int: 16    God:
Gold:   51         SH:  0    Dex: 11    Spells: 2/8 levels left

rFire    . . .     SeeInvis +   k - +0 dagger
rCold    . . .     Gourm    .   (no shield)
rNeg     . . .     Faith    .   a - +0 robe
rPois    +         Spirit   .   g - +2 hat
rElec    .         Reflect  .   (no cloak)
rCorr    .         Harm     .   (no gloves)
MR       .....                  (no barding)
Stlth    ++........             (no amulet)
Regen    0.2/turn               i - ring of stealth
MPRegen  0.1/turn               (no ring)

@: confused, very slow
A: see invisible, deformed body, poison resistance, slowness 2, slow metabolism
1, spit poison 1, AC +1
a: Spit Poison


You were on level 4 of the Dungeon.
You were very hungry.

You visited 1 branch of the dungeon, and saw 4 of its levels.

You collected 51 gold pieces.

Inventory:

Hand Weapons
 k - a +0 dagger (weapon)
Armour
 a - a +0 robe (worn)
 g - a +2 hat (worn)
Jewellery
 i - a ring of stealth (left hand)
Scrolls
 e - 4 scrolls of identify {unknown}
 f - a scroll of blinking {unknown}
 h - a scroll of remove curse {unknown}
 l - a scroll of noise {unknown}
Books
 b - a Young Poisoner's Handbook

   Spells                             Type                      Level
   a - Sting                          Conjuration/Poison           1
   b - Poisonous Vapours              Poison/Air                   2
   c - Mephitic Cloud                 Conjuration/Poison/Air       3
   d - Olgreb's Toxic Radiance        Poison                       4
   e - Venom Bolt                     Conjuration/Poison           5
Comestibles
 c - 3 bread rations
 d - a royal jelly
 j - a fruit


   Skills:
 - Level 1.5 Dodging
 + Level 3.9 Stealth
 + Level 2.5 Spellcasting
 + Level 1.8 Conjurations
 * Level 5.3 Poison Magic


You had 2 spell levels left.
You knew the following spells:

 Your Spells              Type           Power        Failure   Level  Hunger
a - Sting                 Conj/Pois      ##..         6%          1    #......
b - Poisonous Vapours     Pois/Air       ##....       12%         2    ##.....
c - Mephitic Cloud        Conj/Pois/Air  #.......     28%         3    ###....


Dungeon Overview and Level Annotations

Branches:
Dungeon (4/15)
 Temple: D:4-7

Altars:

Annotations:
D:4 Sigmund


Innate Abilities, Weirdness & Mutations

You cannot wear boots.
Your serpentine skin is tough. (AC +1)
You have supernaturally acute eyesight. (SInv)
Armour fits poorly on your strangely shaped body.
Your system is resistant to poisons. (rPois)
You cover ground very slowly.
You have a slow metabolism.
You can spit poison.


Message History

Sigmund is moderately wounded.
Sigmund closely misses you. The ooze closely misses you.
You barely miss Sigmund.
Sigmund is moderately wounded.
The ooze hits you. Sigmund barely misses you.
You hit Sigmund.
Sigmund is moderately wounded.
The ooze hits you but does no damage.
You hit Sigmund.
Sigmund is moderately wounded.
Sigmund barely misses you. The ooze hits you.
You barely miss Sigmund.
Sigmund is moderately wounded.
The ooze hits you.
* * * LOW HITPOINT WARNING * * *
Sigmund casts a spell at you.
You are confused.
You hit the ooze but do no damage. The ooze hits you but does no damage.
Sigmund hits you with a scythe!
You die...

##########
.........######
......@@......#
......J.......#
.......#......#
..##..# #......
. #.# #.<..# #.
#...# # ...#
..#


You could see Sigmund and an ooze.

Vanquished Creatures
  A gnoll (D:2)
  3 adders (D:2)
  A worm (D:2)
  A dart slug (D:1)
  3 leopard geckos
  4 bats
  A giant cockroach (D:1)
  3 goblins
  4 hobgoblins
  3 jackals (D:2)
  2 frilled lizards
  A kobold (D:1)
  3 rats (D:2)
30 creatures vanquished.

Notes
Turn   | Place    | Note
-------+----------+-------------------------------------------
     0 | D:1      | LostNumber the Naga Venom Mage began the quest for the Orb.
     0 | D:1      | Reached XP level 1. HP: 15/15 MP: 3/3
   120 | D:1      | Reached XP level 2. HP: 22/22 MP: 0/5
   293 | D:1      | Learned a level 2 spell: Poisonous Vapours
   661 | D:2      | Reached XP level 3. HP: 28/28 MP: 6/6
   666 | D:2      | Learned a level 3 spell: Mephitic Cloud
   783 | D:2      | Reached skill level 5 in Poison Magic
  1107 | D:2      | Reached XP level 4. HP: 36/36 MP: 5/7
  1423 | D:4      | Noticed Sigmund
  1437 | D:4      | Slain by Sigmund

Vault maps used:
D:1:      sevenhm_arrival_forest_fort_small_6
D:2:      first_bread, minmay_parallelograms, minmay_tetromino_l2
D:4:      serial_shops, nicolae_shop_waterfront, nicolae_tso_besieged_by_evil,
          uniq_sigmund, uniq_pikel, uniq_iyjb, uniq_natasha

Skill      XL: |  1  2  3 |
---------------+----------+-----
Poison Magic   | 5 |  5.3
Dodging        | |  1.5
Stealth        | |  3.9
Spellcasting   | |  2.5
Conjurations   | |  1.8

Action                   |  1- 3 |  4- 6 || total
-------------------------+-------+-------++-------
Melee: Unarmed           |    15 |       ||    15
       Dagger            |       |    16 ||    16
 Cast: Sting             |    34 |     7 ||    41
 Abil: Spit Poison       |    25 |     6 ||    31
 Stab: Sleeping          |       |     1 ||     1
  Eat: Chunk             |     2 |       ||     2
Armor: Robe              |     7 |     4 ||    11
Dodge: Dodged            |    25 |     9 ||    34
